 Dungeon Crawl Stone Soup version 0.20.1-1-g8b1a95d (webtiles) character file.

102 Gatuga the Magician (level 4, -1/24 HPs)
             Began as a Deep Elf Earth Elementalist on July 16, 2017.
             Slain by Terence
             ... wielding a +2 hand axe of chopping
              (10 damage)
             ... on level 2 of the Dungeon.
             The game lasted 00:15:27 (1534 turns).

Gatuga the Magician (Deep Elf Earth Elementalist)   Turns: 1534, Time: 00:15:28

Health: -1/24      AC:  2    Str:  5    XL:     4   Next: 50%
Magic:  7/13       EV: 13    Int: 21    God:
Gold:   45         SH:  0    Dex: 15    Spells: 12/13 levels left

rFire    . . .     SeeInvis .   k - +0 dagger (venom)
rCold    . . .     Gourm    .   (no shield)
rNeg     . . .     Faith    .   c - +0 robe
rPois    .         Spirit   .   (no helmet)
rElec    .         Reflect  .   (no cloak)
rCorr    .         Harm     .   (no gloves)
MR       .....                  (no boots)
Stlth    ++........             l - amulet of inaccuracy (curse)
Regen    0.1/turn               (no ring)
MPRegen  0.2/turn               (no ring)

@: no status effects
A: no striking features
a: no special abilities


You were on level 2 of the Dungeon.
You were hungry.

You visited 1 branch of the dungeon, and saw 2 of its levels.

You collected 45 gold pieces.

Inventory:

Hand Weapons
 a - a +1 spear
 k - a +0 dagger of venom (weapon)
 p - a +2 dagger of freezing
Missiles
 b - 17 stones (quivered)
 h - 14 poisoned needles
 j - 11 bolts
Armour
 c - a +0 robe (worn)
Jewellery
 l - a cursed amulet of inaccuracy (around neck)
Scrolls
 i - 2 scrolls of identify
 m - a scroll of immolation
 n - a scroll of amnesia
 o - a scroll of teleportation {unknown}
Potions
 g - a potion of curing
 q - 2 potions of lignification
Books
 e - a book of Geomancy

   Spells                             Type                      Level
   a - Sandblast                      Earth                        1
   b - Passwall                       Transmutation/Earth          2
   c - Stone Arrow                    Conjuration/Earth            3
   d - Petrify                        Transmutation/Earth          4
   e - Lee's Rapid Deconstruction     Earth                        5
Comestibles
 d - 2 bread rations
 f - a royal jelly


   Skills:
 + Level 0.2 Fighting
 + Level 0.5 Polearms
 + Level 2.9 Dodging
 + Level 2.7 Stealth
 + Level 5.0 Spellcasting
   Level 1.1 Transmutations
 + Level 4.0 Earth Magic


You had 12 spell levels left.
You knew the following spells:

 Your Spells              Type           Power        Failure   Level  Hunger
a - Sandblast             Erth           ###...       1%          1    None


Dungeon Overview and Level Annotations

Branches:
Dungeon (2/15)

Altars:
Ru

Annotations:
D:2 Natasha, Terence


Message History

Confirm with . or Enter, or press ? or * to list all spells.
Aiming: Sandblast
Press: ? - help, Shift-Dir - straight line, f/p - Terence
Aim: Terence, wielding a hand axe of chopping and wearing a chain mail (heavily wounded)
The blast of sand hits Terence.
Terence is heavily wounded.
b - 18 stones Terence hits you with a hand axe of chopping.
The shadow imp shouts!
Terence closely misses you.
Casting: Sandblast
Confirm with . or Enter, or press ? or * to list all spells.
Aiming: Sandblast
Press: ? - help, Shift-Dir - straight line, f/p - Terence
Aim: Terence, wielding a hand axe of chopping and wearing a chain mail (heavily wounded)
The blast of sand misses Terence.
The blast of sand hits the white imp.
The white imp is severely wounded.
b - 17 stones Terence hits you with a hand axe of chopping!
You die...

################
......†........#
......h.######.#
.....#)5@@.$.#.#####
$...5..)####.#.#...######
......... #.............#
.......?.(..........♣...#
..........####.#...♣.♣..#
...>./.... #.#..♣._.♣.#
.%.......#. #.#...♣.♣..#
##.#.## #.#....♣...#
#.#........#


You could see Terence, Natasha, a white imp and a shadow imp.

Vanquished Creatures
  An orc wizard (D:2)
  3 adders (D:2)
  2 oozes
  2 dart slugs
  2 leopard geckos (D:1)
  A giant cockroach (D:1)
  2 goblins
  2 hobgoblins
  7 jackals
  4 bats
  2 frilled lizards (D:2)
  3 kobolds
31 creatures vanquished.

Notes
Turn   | Place    | Note
-------+----------+-------------------------------------------
     0 | D:1      | Gatuga the Deep Elf Earth Elementalist began the quest for the Orb.
     0 | D:1      | Reached XP level 1. HP: 10/10 MP: 6/6
   214 | D:1      | Reached XP level 2. HP: 15/15 MP: 1/8
  1082 | D:2      | Found a sacrificial altar of Ru.
  1092 | D:2      | Reached skill level 4 in Spellcasting
  1092 | D:2      | Reached XP level 3. HP: 15/19 MP: 4/10
  1110 | D:2      | Reached XP level 4. HP: 13/24 MP: 6/12
  1488 | D:2      | Found a faded altar of an unknown god.
  1522 | D:2      | Noticed Terence
  1526 | D:2      | Noticed Natasha
  1526 | D:2      | Reached skill level 5 in Spellcasting
  1534 | D:2      | Slain by Terence

Skill      XL: |  1  2  3  4 |
---------------+-------------+-----
Spellcasting   | 4 5 |  5.0
Earth Magic    | 4 |  4.0
Fighting       | |  0.2
Polearms       | |  0.5
Dodging        | |  2.9
Stealth        | |  2.7
Transmutations | |  1.1

Action                   |  1- 3 |  4- 6 || total
-------------------------+-------+-------++-------
Melee: Spear             |    16 |       ||    16
       Dagger            |     9 |    21 ||    30
 Cast: Sandblast         |    33 |    17 ||    50
  Use: Scroll            |     6 |     2 ||     8
       Potion            |       |     1 ||     1
 Stab: Paralysed         |     1 |       ||     1
  Eat: Chunk             |       |     1 ||     1
Armor: Robe              |    12 |     4 ||    16
Dodge: Dodged            |    25 |    20 ||    45
